 Dungeon Crawl Stone Soup version 0.29.1-12-g30fa7ad0bf (webtiles) character file.

Game seed: 5362657147751555868

319 nightchill the Chopper (level 6, -6/56 HPs)
             Began as a Hill Orc Fighter on Jan 14, 2023.
             Mangled by an ogre
             ... wielding a +0 giant spiked club
              (16 damage)
             ... on level 4 of the Dungeon.
             The game lasted 00:05:01 (3340 turns).

nightchill the Chopper (Hill Orc Fighter)           Turns: 3340, Time: 00:05:01

Health: -6/56      AC:  9    Str: 21    XL:     6   Next: 45%
Magic:  6/6        EV:  9    Int:  8    God:
Gold:   139        SH:  4    Dex: 10    Spells: 5/5 levels left

rFire   . . .      SeeInvis .   a - +0 war axe
rCold   . . .      Faith    .   c - +0 buckler
rNeg    + . .      Spirit   .   b - +0 scale mail
rPois   .          Reflect  .   n - +1 hat
rElec   .          Harm     .   (no cloak)
rCorr   .          Rampage  .   (no gloves)
Will    .....                   o - +0 pair of boots
Stlth   ..........              (no amulet)
HPRegen 0.18/turn               t - ring of positive energy
MPRegen 0.10/turn               (no ring)

@: no status effects
A: no striking features
a: no special abilities


You were on level 4 of the Dungeon.
You visited 1 branch of the dungeon, and saw 4 of its levels.

You collected 139 gold pieces.

Inventory:

Hand Weapons
 a - a +0 war axe (weapon)
 p - a +0 war axe
Missiles
 u - a throwing net (quivered)
Armour
 b - a +0 scale mail (worn)
 c - a +0 buckler (worn)
 n - a +1 hat (worn)
 o - a +0 pair of boots (worn)
Jewellery
 k - a ring of ice
 t - a ring of positive energy (left hand)
Wands
 l - a wand of polymorph (7)
Scrolls
 e - 2 scrolls of noise {unknown}
 f - 4 scrolls of identify {unknown}
 g - 3 scrolls of butterflies {unknown}
 h - 4 scrolls of enchant weapon {unknown}
 j - a scroll of torment {unknown}
 s - 5 scrolls of teleportation {unknown}
Potions
 d - 2 potions of might
 i - 3 potions of curing {unknown}
 m - a potion of degeneration {unknown}
 q - a potion of resistance {unknown}
 r - a potion of attraction {unknown}


   Skills:
 + Level 5.6 Fighting
 * Level 7.3 Axes
 - Level 3.2 Armour
 - Level 3.2 Shields


You had 5 spell levels left.
You didn't know any spells.
Your spell library contained the following spells:

 Spells                   Type           Power      Damage    Failure   Level
 Conjure Flame            Conj/Fire      0%         6-21      99%         3
 Ignite Poison            Fire/Tmut/Pois 0%         N/A       99%         3
 Sticky Flame             Conj/Fire      0%         2d3       100%        4


Dungeon Overview and Level Annotations

Branches:
Dungeon (4/15)
 Temple: D:4-7

Altars:
Nemelex Xobeh

Shops:
D:3 !

Annotations:
D:3 exclusion: downstairs


Message History

The gnoll hits you with a +0 halberd.
You are too injured to fight recklessly!
You are too injured to fight recklessly!
You are too injured to fight recklessly!
You are too injured to fight recklessly!
You closely miss the gnoll.
The gnoll is almost dead.
The gnoll hits you with a +0 halberd.
You slash the gnoll!
You kill the gnoll!
You see here a +0 halberd.
You start resting.
An ogre is nearby!
An ogre is nearby!
An ogre is nearby!
You see here a +0 club.
Things that are here:
a +0 whip; a gnoll corpse You completely miss the ogre.
The ogre closely misses you.
You hit the ogre.
The ogre is lightly wounded.
The ogre hits you with a +0 giant spiked club.
You hit the ogre but do no damage.
The ogre is lightly wounded.
The ogre hits you with a +0 giant spiked club!!
* * * LOW HITPOINT WARNING * * *
You hit the ogre.
The ogre is lightly wounded.
You closely miss the ogre.
The ogre is lightly wounded.
You block the ogre's attack.
Okay, then.
You slash the ogre!
The ogre is moderately wounded.
The ogre hits you with a +0 giant spiked club!
* * * LOW HITPOINT WARNING * * *
You slash the ogre!
The ogre is heavily wounded.
The ogre hits you with a +0 giant spiked club!
You die...

#.# #..### #.#
......... #.#####
........ #.#...#
#....... #.#...##
#....... #.#....#
#.....## #.#....#
.##.....##
##)#....###.##.....##
#.))@O...... #.....##
#..##.#.#.#.##.......
#.........#.#......##
#..##................
#..##................
#..##...###.#..#....#
#..................##
####..#.........#...#'#
#...............#..###.


You could see an ogre.

Vanquished Creatures
  An ogre (D:4)
  A scorpion (D:4)
  Robin (D:2)
  8 gnolls (D:4)
  2 adders
  An ufetubus (D:4)
  2 dart slugs (D:1)
  4 orcs
  9 endoplasms
  2 giant cockroaches
  8 goblins
  7 hobgoblins
  2 quokkas
  5 ball pythons
  4 bats
  2 frilled lizards (D:3)
  3 kobolds
  5 rats
67 creatures vanquished.

Vanquished Creatures (others)
  7 plants (D:4)
7 creatures vanquished.

Grand Total: 74 creatures vanquished

Notes
Turn   | Place    | Note
-------+----------+-------------------------------------------
     0 | D:1      | nightchill the Hill Orc Fighter began the quest for the
                  | Orb.
     0 | D:1      | Reached XP level 1. HP: 19/19 MP: 1/1
    67 | D:1      | Reached skill level 3 in Axes
    79 | D:1      | Reached XP level 2. HP: 23/27 MP: 2/2
   432 | D:1      | Reached skill level 4 in Axes
   433 | D:1      | Reached XP level 3. HP: 33/33 MP: 3/3
   934 | D:2      | Noticed Robin
   946 | D:2      | Killed Robin
  1080 | D:2      | Reached XP level 4. HP: 39/41 MP: 4/4
  1169 | D:2      | Found a faded altar of an unknown god.
  1237 | D:2      | Reached skill level 5 in Axes
  1868 | D:3      | Found Macirgh's Distillery.
  2298 | D:4      | Found a sparkling altar of Nemelex Xobeh.
  2301 | D:4      | Noticed an ogre
  2305 | D:4      | Noticed a scorpion
  2511 | D:4      | Noticed a scorpion
  2526 | D:4      | Killed a scorpion
  2527 | D:4      | Reached skill level 5 in Fighting
  2527 | D:4      | Reached skill level 6 in Axes
  2527 | D:4      | Reached XP level 5. HP: 16/48 MP: 5/5
  3090 | D:4      | Noticed an ogre
  3096 | D:4      | Killed an ogre
  3097 | D:4      | Reached skill level 7 in Axes
  3097 | D:4      | Reached XP level 6. HP: 56/56 MP: 6/6
  3340 | D:4      | Mangled by an ogre

Illustrated notes

Levels and vault maps discovered:
D:1:      wander_arrival_lonely_grave, layout_basic, minmay_surrounded
D:2:      layout_loops_corners, basic_altar, hellmonk_ecumenical_altar_zigzags,
          minmay_3d_cube, uniq_robin
D:3:      layout_basic, serial_shops, shop
D:4:      layout_basic, nemelex_diamond_rough_becter, chequers_big_river,
          uniq_natasha

Skill      XL: |  1  2  3  4  5 |
---------------+----------------+-----
Axes           | 3 4 6 7 |  7.3
Fighting       | 4 5 |  5.6
Armour         | |  3.2
Shields        | |  3.2

Action                   |  1- 3 |  4- 6 || total
-------------------------+-------+-------++-------
Melee: War axe           |    70 |   113 ||   183
       Unarmed           |    10 |       ||    10
  Use: Potion            |       |     1 ||     1
Armor: Scale mail        |    49 |    46 ||    95
Dodge: Dodged            |    55 |    52 ||   107
Block: Buckler           |    16 |    32 ||    48
